 Dungeon Crawl Stone Soup version 0.30-a0-782-ge64f9170bb (webtiles) character file.

Game seed: 6763436121661644145

405 Crownlay the Chiller (level 6, -17/44 HPs)
             Began as a Gnoll Ice Elementalist on Feb 27, 2023.
             Was a Believer of Uskayaw.
             Demolished by a komodo dragon (27 damage)
             ... on level 5 of the Dungeon.
             The game lasted 00:06:56 (4988 turns).

Crownlay the Chiller (Gnoll Ice Elementalist)       Turns: 4988, Time: 00:06:56

Health: -17/44     AC: 11    Str: 13    XL:     6   Next: 87%
Magic:  6/14       EV: 14    Int: 16    God:    Uskayaw [**....]
Gold:   220        SH:  5    Dex: 13    Spells: 9/16 levels left

rFire   . . .      SeeInvis +    c - +0 spear
rCold   . . .      Faith    .    (no shield)
rNeg    . . .      Spirit   .    a - +0 robe
rPois   .          Reflect  +    (no helmet)
rElec   .          Harm     .    y - +1 cloak {rCorr}
rCorr   +          Rampage  .    (no gloves)
Will    .....                    (no boots)
Stlth   +++                      v - amulet of reflection
HPRegen 0.27/turn                d - +6 ring of strength
MPRegen 0.14/turn                g - ring of see invisible

@: ice-armoured, freezing walls
A: fangs 1, strong nose, distributed training
a: Renounce Religion, Stomp, Line Pass


You were on level 5 of the Dungeon.
You worshipped Uskayaw.
Uskayaw was noncommittal.
You visited 2 branches of the dungeon, and saw 6 of its levels.

You collected 220 gold pieces.

Inventory:

Hand Weapons
 c - a +0 spear (weapon)
 q - a +1 short sword of venom
Missiles
 w - 2 throwing nets
Armour
 a - a +0 robe (worn)
 y - a +1 cloak of preservation (worn)
Jewellery
 d - a +6 ring of strength (left hand)
 g - a ring of see invisible (right hand)
 v - an amulet of reflection (around neck)
Wands
 l - a wand of paralysis (10)
 u - a wand of flame (9)
Scrolls
 e - a scroll of torment
 f - 2 scrolls of immolation
 h - a scroll of fog {unknown}
 j - 2 scrolls of magic mapping
 k - a scroll of fear {unknown}
 m - a scroll of identify
 n - a scroll of poison {unknown}
 o - a scroll of amnesia {unknown}
 s - a scroll of teleportation {unknown}
 t - a scroll of noise {unknown}
 x - a scroll of silence {unknown}
 z - a scroll of enchant weapon {unknown}
 A - a scroll of blinking {unknown}
Potions
 b - 3 potions of magic
 i - 5 potions of heal wounds
 p - a potion of lignification {unknown}
 r - 3 potions of curing


   Skills:
 + Level 2.2 Fighting
 + Level 2.2 Short Blades
 + Level 2.2 Long Blades
 + Level 2.2 Axes
 + Level 2.2 Maces & Flails
 + Level 2.2 Polearms
 + Level 2.2 Staves
 + Level 2.2 Ranged Weapons
 + Level 2.2 Throwing
 + Level 2.2 Armour
 + Level 5.1 Dodging
 + Level 4.7 Stealth
 + Level 2.2 Shields
 + Level 2.2 Unarmed Combat
 + Level 5.5 Spellcasting
 + Level 1.8 Conjurations
 + Level 1.8 Hexes
 + Level 1.8 Summonings
 + Level 1.8 Necromancy
 + Level 1.8 Translocations
 + Level 1.8 Transmutations
 + Level 1.8 Fire Magic
 + Level 7.3 Ice Magic
 + Level 1.8 Air Magic
 + Level 1.8 Earth Magic
 + Level 1.8 Poison Magic
 + Level 2.4 Invocations
 + Level 2.2 Evocations


You had 9 spell levels left.
You knew the following spells:

 Your Spells              Type           Power      Damage    Failure   Level
a - Freeze                Ice            100%       1d10      1%          1
b - Frozen Ramparts       Ice            54%        1d9       2%          3
c - Ozocubu's Armour      Ice            27%        N/A       2%          3

Your spell library contained the following spells:

 Spells                   Type           Power      Damage    Failure   Level
 Apportation              Tloc           20%        N/A       7%          1
 Kiss of Death            Conj/Necr      40%        2d8       7%          1
 Necrotise                Necr           40%        1d6       7%          1
 Summon Small Mammal      Summ           40%        N/A       7%          1
 Confusing Touch          Hex            10%        N/A       21%         3
 Summon Ice Beast         Ice/Summ       19%        N/A       22%         4
 Dispel Undead            Necr           10%        3d9       56%         4


Dungeon Overview and Level Annotations

Branches:
Dungeon (5/15)             Temple (1/1) D:4

Altars:
Ashenzari
Hepliaklqana
Okawaru
Qazlal
Trog
Uskayaw

Shops:
D:4 [


Innate Abilities, Weirdness & Mutations

You have very sharp teeth.
Your uncanny sense of smell can sniff out nearby items.
Your experience applies equally to all skills.


Message History

Confirm with . or Enter, or press ? or * to list all spells.
A film of ice covers your body!
You reach to attack!
You hit the komodo dragon but do no damage.
The wall freezes the komodo dragon but does no damage.
You hit the komodo dragon.
The komodo dragon is lightly wounded.
The wall freezes the komodo dragon.
The komodo dragon barely misses you.
You barely miss the komodo dragon.
The komodo dragon is lightly wounded.
The wall freezes the komodo dragon.
The komodo dragon seems to slow down.
The komodo dragon barely misses you.
You hit the komodo dragon but do no damage.
The komodo dragon is lightly wounded.
The wall freezes the komodo dragon.
The komodo dragon barely misses you.
You closely miss the komodo dragon.
The komodo dragon is lightly wounded.
You hit the komodo dragon but do no damage.
The komodo dragon is lightly wounded.
The komodo dragon is no longer moving slowly.
The wall freezes the komodo dragon!
The komodo dragon completely misses you.
You can now pass through a line of other dancers.
You hit the komodo dragon but do no damage.
The komodo dragon is moderately wounded.
The wall freezes the komodo dragon but does no damage.
The komodo dragon bites you!!
You barely miss the komodo dragon.
The komodo dragon is moderately wounded.
The frozen ramparts melt away.
The komodo dragon bites you!
* * * LOW HITPOINT WARNING * * *
Casting: Ozocubu's Armour (dangerous; 2% risk of failure)
Confirm with . or Enter, or press ? or * to list all spells.
Casting: Frozen Ramparts (dangerous; 2% risk of failure)
Press: ? - help, Dir - look around, f - activate The walls around you are covered in ice.
The wall freezes the komodo dragon but does no damage.
The komodo dragon bites you!!
Ouch! That really hurt!
You die...

#.... #....#..
#....#########....#..
#...............####'
#...............#....
#...............#....
#...............#....
#..####.####....#....
##.....##...)#...<
#@......#....#....
#l......#....#####
....._.$........
#..#.......#.'##..
#..#.......#... #.
##.....## .. #.
###.### # ..


You could see a komodo dragon.

Vanquished Creatures
  A scorpion (D:4)
  Crazy Yiuf (D:3)
  A hound (D:4)
  A jelly (D:4)
  Natasha (thrice) (D:3)
  3 gnolls (D:3)
  5 adders
  2 worms (D:3)
  3 dart slugs
  3 orcs
  6 endoplasms
  3 giant cockroaches
  9 goblins
  5 hobgoblins
  4 jackals (D:1)
  7 quokkas
  4 ball pythons
  6 bats
  3 frilled lizards
  8 kobolds
  24 rats
  A spectral goblin (D:3)
103 creatures vanquished.

Notes
Turn   | Place    | Note
-------+----------+-------------------------------------------
     0 | D:1      | Crownlay the Gnoll Ice Elementalist began the quest for the
                  | Orb.
     0 | D:1      | Reached XP level 1. HP: 13/13 MP: 6/6
   122 | D:1      | Reached XP level 2. HP: 18/19 MP: 0/7
   210 | D:1      | Found a faded altar of an unknown god.
   210 | D:1      | Noticed a golden eye
   215 | D:1      | Noticed a shining eye
   233 | D:1      | Noticed a golden eye
   233 | D:1      | Noticed an eye of devastation
   656 | D:1      | Reached skill level 5 in Spellcasting
   656 | D:1      | Reached XP level 3. HP: 24/25 MP: 6/9
   660 | D:1      | Learned a level 3 spell: Frozen Ramparts
   664 | D:1      | Learned a level 3 spell: Ozocubu's Armour
   953 | D:1      | Reached skill level 1 in Invocations
  1460 | D:2      | Reached skill level 1 in Fighting
  1460 | D:2      | Reached skill level 1 in Short Blades
  1460 | D:2      | Reached skill level 1 in Long Blades
  1460 | D:2      | Reached skill level 1 in Axes
  1460 | D:2      | Reached skill level 1 in Maces & Flails
  1460 | D:2      | Reached skill level 1 in Polearms
  1460 | D:2      | Reached skill level 1 in Staves
  1460 | D:2      | Reached skill level 1 in Ranged Weapons
  1460 | D:2      | Reached skill level 1 in Throwing
  1460 | D:2      | Reached skill level 1 in Armour
  1460 | D:2      | Reached skill level 1 in Shields
  1460 | D:2      | Reached skill level 1 in Unarmed Combat
  1460 | D:2      | Reached skill level 1 in Evocations
  1546 | D:2      | Reached XP level 4. HP: 32/32 MP: 9/11
  2141 | D:3      | Reached skill level 1 in Conjurations
  2141 | D:3      | Reached skill level 1 in Hexes
  2141 | D:3      | Reached skill level 1 in Summonings
  2141 | D:3      | Reached skill level 1 in Necromancy
  2141 | D:3      | Reached skill level 1 in Translocations
  2141 | D:3      | Reached skill level 1 in Transmutations
  2141 | D:3      | Reached skill level 1 in Fire Magic
  2141 | D:3      | Reached skill level 1 in Air Magic
  2141 | D:3      | Reached skill level 1 in Earth Magic
  2141 | D:3      | Reached skill level 1 in Poison Magic
  2155 | D:3      | Found a runed translucent door.
  2156 | D:3      | Noticed Crazy Yiuf
  2237 | D:3      | Noticed Natasha
  2244 | D:3      | Killed Natasha
  2245 | D:3      | Reached XP level 5. HP: 37/37 MP: 8/12
  2751 | D:3      | Noticed Natasha
  2758 | D:3      | Killed Natasha
  2913 | D:3      | Noticed Natasha
  2921 | D:3      | Killed Natasha
  3305 | D:3      | Found a hazy altar of Hepliaklqana.
  3442 | D:3      | Killed Crazy Yiuf
  3443 | D:3      | Reached XP level 6. HP: 34/44 MP: 8/14
  3637 | D:4      | Reached skill level 5 in Dodging
  3927 | D:4      | Found a staircase to the Ecumenical Temple.
  3969 | Temple   | Entered the Ecumenical Temple
  4004 | Temple   | Became a worshipper of Uskayaw the Reveller
  4040 | D:4      | Reached * piety under Uskayaw
  4087 | D:4      | Reached ** piety under Uskayaw
  4094 | D:4      | Reached *** piety under Uskayaw
  4104 | D:4      | Reached **** piety under Uskayaw
  4443 | D:4      | Found Vicuv's Antique Armour Boutique.
  4685 | D:5      | Entered Level 5 of the Dungeon
  4972 | D:5      | Found a broken altar of Ashenzari.
  4974 | D:5      | Noticed a komodo dragon
  4988 | D:5      | Demolished by a komodo dragon

Illustrated notes

Levels and vault maps discovered:
D:1:      dpeg_arrival_tiny_b, layout_loops_corners,
          hellmonk_ecumenical_altar_watching_god
D:2:      layout_basic
D:3:      layout_basic, nicolae_hepliaklqana_monster_ancestors,
          kennysheep_big_empty_room, grunt_ministairs_6,
          minmay_tree_intersection, uniq_natasha, uniq_crazy_yiuf_cottage
D:4:      layout_basic, minmay_temple_entry_slanted, serial_shops,
          nicolae_shop_statue_plus, minmay_rat_hole
D:5:      layout_gridville, old_standard_altar
Temple:   regret_index_temple_waves

Skill      XL: |  1  2  3  4  5  6 |
---------------+-------------------+-----
Spellcasting   | 5 |  5.5
Invocations    | 1 2 |  2.4
Fighting       | 1 2 |  2.2
Short Blades   | 1 2 |  2.2
Long Blades    | 1 2 |  2.2
Axes           | 1 2 |  2.2
Maces & Flails | 1 2 |  2.2
Polearms       | 1 2 |  2.2
Staves         | 1 2 |  2.2
Ranged Weapons | 1 2 |  2.2
Throwing       | 1 2 |  2.2
Armour         | 1 2 |  2.2
Shields        | 1 2 |  2.2
Unarmed Combat | 1 2 |  2.2
Evocations     | 1 2 |  2.2
Conjurations   | 1 |  1.8
Hexes          | 1 |  1.8
Summonings     | 1 |  1.8
Necromancy     | 1 |  1.8
Translocations | 1 |  1.8
Transmutations | 1 |  1.8
Fire Magic     | 1 |  1.8
Air Magic      | 1 |  1.8
Earth Magic    | 1 |  1.8
Poison Magic   | 1 |  1.8
Dodging        | 5 |  5.1
Stealth        | |  4.7
Ice Magic      | |  7.3

Action                     |  1- 3 |  4- 6 || total
---------------------------+-------+-------++-------
  Melee: Spear             |    38 |   107 ||   145
         Bite              |       |     8 ||     8
         Short sword       |       |     3 ||     3
   Cast: Freeze            |    42 |    39 ||    81
         Frozen Ramparts   |       |    15 ||    15
         Ozocubu's Armour  |       |     9 ||     9
    Use: Scroll            |       |     5 ||     5
   Stab: Sleeping          |    12 |    10 ||    22
         Distracted        |       |     1 ||     1
         Paralysed         |       |     1 ||     1
 Armour: Robe              |     5 |    30 ||    35
  Dodge: Dodged            |    20 |    57 ||    77
  Block: Other             |       |    15 ||    15
         Reflection        |       |     1 ||     1

Table legend: (Time is in decaauts)
 A = Elapsed time spent in this place.
 B = Non-inter-level travel time spent in this place.
 C = Inter-level travel time spent in this place.
 D = Time resting spent in this place.
 E = Time spent auto-exploring this place.
 F = Levels seen in this place.
 G = Mean time per level.
                   A        B        C        D        E       F      G
               +--------+--------+--------+--------+--------+-----+--------+
         Total |   4998 |   4847 |    151 |      0 |   4136 |   6 |  833.0 |
       Dungeon |   4949 |   4810 |    139 |      0 |   4110 |   5 |  989.8 |
        Temple |     48 |     36 |     12 |      0 |     26 |   1 |   48.0 |
               +--------+--------+--------+--------+--------+-----+--------+

Top non-repeatable levels by time:
     D:3: 1485 daAuts
     D:1: 1132 daAuts
     D:4: 1083 daAuts
     D:2: 946 daAuts
     D:5: 302 daAuts
  Temple: 48 daAuts
